 Dungeon Crawl Stone Soup version 0.21-a0-278-ga722497 (webtiles) character file.

12 vishdafish the Shield-Bearer (level 2, 24/24 HPs)
             Began as a Formicid Fighter on Sept 22, 2017.
             Quit the game on level 1 of the Dungeon.
             The game lasted 00:00:34 (293 turns).

vishdafish the Shield-Bearer (Formicid Fighter)      Turns: 293, Time: 00:00:34

Health: 24/24      AC:  6    Str: 20    XL:     2   Next: 45%
Magic:  2/2        EV:  7    Int:  5    God:
Gold:   39         SH:  9    Dex: 10    Spells: 1/1 levels left

rFire    . . .     SeeInvis +   a - +0 war axe
rCold    . . .     Gourm    .   c - +0 shield
rNeg     . . .     Faith    .   b - +0 scale mail
rPois    .         Spirit   .   (helmet unavailable)
rElec    .         Reflect  .   (no cloak)
rCorr    .         Harm     .   (no gloves)
MR       .....                  (no boots)
Stlth    ..........             (no amulet)
HPRegen  0.08/turn              l - -2 ring of intelligence (curse)
MPRegen  0.08/turn              (no ring)

@: no status effects
A: permanent stasis, dig shafts and tunnels, four strong arms, antennae 3
a: Dig, Shaft Self


You were on level 1 of the Dungeon.
You were not hungry.

You visited 1 branch of the dungeon, and saw 1 of its levels.

You collected 39 gold pieces.

Inventory:

Hand Weapons
 a - a +0 war axe (weapon)
Armour
 b - a +0 scale mail (worn)
 c - a +0 shield (worn)
Jewellery
 l - a cursed -2 ring of intelligence (left hand)
Scrolls
 g - 2 scrolls of teleportation {unknown}
 h - a scroll of remove curse {unknown}
Potions
 d - a potion of might
 e - a potion of brilliance {unknown}
 i - a potion of curing {unknown}
 k - a potion of magic {unknown}
 m - a potion of heal wounds {unknown}
Comestibles
 f - a bread ration
 j - a meat ration


   Skills:
 + Level 3.6 Fighting
 + Level 2.0 Axes
 + Level 3.6 Armour
 + Level 3.7 Shields


You had one spell level left.
You didn't know any spells.

Dungeon Overview and Level Annotations

Branches:
Dungeon (1/15)

Altars:


Innate Abilities, Weirdness & Mutations

You cannot be hasted, slowed, berserked, paralysed or teleported.
You can dig through walls and to a lower floor.
Your four strong arms can wield two-handed weapons with a shield.
You have a pair of large antennae on your head. (SInv)


Message History

No target in view!
No target in view!
You now have 39 gold pieces (gained 11).
m - a cyan potion
There is an open door here.
Items here: )) †† a short sword; a club; a kobold corpse; a goblin corpse
There is an open door here.
You see here a hand axe.
You open the door.
There is an open door here.
Found a naga barding.
You open the door.
There is an open door here.
You open the door.
Found a leather armour.
No target in view!
Quiver which item? (- for none, * to show all) (? for menu, Esc to quit)
Okay, then.
Are you sure you want to abandon this character and quit the game? (Confirm with "yes".)

..#.....)..#
#.##...........#
..#........#
#.##...........###
..#........#
#.##..............
..#........#
#.################
..########.## #.#
..# #..# ##'#####
..# ##'###......#
### #...........#
{ #......@..[.#
#.....#'#####
#.....#[#
.......#.#
..#.#+###.# #..#.
#.# +. #. #.# #.#


There were no monsters in sight!

Vanquished Creatures
  2 goblins (D:1)
  4 hobgoblins (D:1)
  2 bats (D:1)
  A frilled lizard (D:1)
  3 kobolds (D:1)
12 creatures vanquished.

Notes
Turn   | Place    | Note
-------+----------+-------------------------------------------
     0 | D:1      | vishdafish the Formicid Fighter began the quest for the Orb.
     0 | D:1      | Reached XP level 1. HP: 18/18 MP: 1/1
    69 | D:1      | Reached XP level 2. HP: 21/24 MP: 2/2
   293 | D:1      | Quit the game

Vault maps used:
D:1:      minmay_arrival_semitransparent

Action                   || total
-------------------------++-------
Melee: War axe           ||    36
Armor: Scale mail        ||    31
Dodge: Dodged            ||    15
Block: Shield            ||    21

Table legend:
 A = Spawn XP
 B = Non-spawn XP
 C = Spawn XP percentage of total XP
 D = Spawn monster count
 E = Non-spawn monster count
 F = Spawn count percentage of total count
 G = Total turns spent on level
                    A         B        C        D         E        F      G
               +---------+---------+-------+---------+---------+-------+---------
         Total |       0 |      18 |   0.0 |       0 |      12 |   0.0 |   293
               +---------+---------+-------+---------+---------+-------+---------
           D:1 |       0 |      18 |   0.0 |       0 |      12 |   0.0 |   293
               +---------+---------+-------+---------+---------+-------+---------
